 Dungeon Crawl Stone Soup version 0.19.5 (webtiles) character file.

73 tidbits the Slasher (level 4, -5/29 HPs)
             Began as a High Elf Skald on Dec 10, 2017.
             Slain by an ogre
             ... wielding a +0 giant club
              (13 damage)
             ... on level 5 of the Dungeon.
             The game lasted 00:06:16 (834 turns).

tidbits the Slasher (High Elf Skald)                 Turns: 834, Time: 00:06:17

Health: -5/29      AC:  4    Str: 12    XL:     4   Next: 8%
Magic:  4/8        EV: 12    Int: 16    God:
Gold:   58         SH:  0    Dex: 14    Spells: 4 memorised, 0 levels left

rFire  . . .     SeeInvis .     a - +0 falchion
rCold  . . .     Gourm    .     B - +0 leather armour
rNeg   . . .     Faith    .     (no shield)
rPois  .         Spirit   .     (no helmet)
rElec  .         Reflect  .     C - +0 cloak
rCorr  +         Harm     .     (no gloves)
MR     .....                    (no boots)
Stlth  ++........               (no amulet)
                                (no ring)
                                K - ring of resist corrosion

@: infused, flying
A: no striking features
a: no special abilities


You were on level 5 of the Dungeon.
You were not hungry.

You visited 1 branch of the dungeon, and saw 5 of its levels.

You collected 58 gold pieces.

Inventory:

Hand Weapons
 a - a +0 falchion (weapon)
 k - a +0 dagger
   (You found it on level 2 of the Dungeon)
Missiles
 g - 41 stones (quivered)
 i - 33 sling bullets
 m - 17 arrows
Armour
 h - a +0 ring mail
   (You found it on level 2 of the Dungeon)
 B - a +0 leather armour (worn)
 C - a +0 cloak (worn)
   (You found it on level 2 of the Dungeon)
Jewellery
 K - a ring of resist corrosion (left hand)
   (You found it on level 4 of the Dungeon)
Scrolls
 b - a scroll of remove curse {unknown}
 q - a scroll of teleportation {unknown}
Potions
 e - a potion of invisibility {unknown}
 j - a potion of flight
 l - a potion of curing {unknown}
 n - a potion of mutation {unknown}
Books
 c - a book of Battle

   Spells                             Type                      Level
   a - Infusion                       Charms                       1
   b - Shroud of Golubria             Charms/Translocation         2
   c - Song of Slaying                Charms                       2
   d - Spectral Weapon                Hexes/Charms                 3
   e - Regeneration                   Charms/Necromancy            3
Comestibles
 d - 3 bread rations
 f - 2 slices of pizza
 p - a chunk of flesh


   Skills:
 - Level 2.0 Fighting
 - Level 4.2 Long Blades
 - Level 0.8 Armour
 - Level 1.8 Dodging
 - Level 2.1 Stealth
 + Level 2.5 Spellcasting
 + Level 0.0 Hexes
 + Level 3.6 Charms


You couldn't memorise any spells.
You knew the following spells:

 Your Spells              Type           Power        Failure   Level  Hunger
g - Shroud of Golubria    Chrm/Tloc      #.........   21%         2    ##.....
i - Infusion              Chrm           ##..         8%          1    #......
w - Spectral Weapon       Hex/Chrm       #.......     41%         3    ###....
y - Song of Slaying       Chrm           ##......     12%         2    ##.....


Dungeon Overview and Level Annotations

Branches:
Dungeon (5/15)
 Temple: D:4-7

Altars:


Message History

Casting: Infusion
Confirm with . or Enter, or press ? or * to list all spells.
You begin infusing your attacks with magical energy.
The hound barely misses you.
Casting: Infusion
Confirm with . or Enter, or press ? or * to list all spells.
Space distorts slightly along a thin shroud covering your body.
The hound barely misses you. The hound misses you.
You closely miss the hound. The hound closely misses you.
You hit the hound.
The hound is lightly wounded.
The hound completely misses you.
Your shroud bends the hound's attack away.
You closely miss the hound.
The hound is lightly wounded.
Your shroud begins to fray at the edges.
The hound pauses to sniff the ground.
The hound barely misses you. The hound bites you.
You hit the hound.
The hound is heavily wounded.
The hound barely misses you. The hound bites you but does no damage.
You miss the hound.
The hound is heavily wounded.
Your shroud bends the hound's attack away.
You hit the hound.
The hound is severely wounded.
The hound bites you but does no damage. The hound barely misses you.
You barely miss the hound.
The hound is severely wounded.
The hound completely misses you.
You riposte.
You completely miss the hound.
The hound is severely wounded.
The hound barely misses you.
You riposte.
You closely miss the hound.
The hound is severely wounded.
You hit the hound.
You kill the hound!
Your Long Blades skill increases to level 4!
You have reached level 4!
Your shroud unravels.
This spell is slightly dangerous to cast.
Memorise Spectral Weapon, consuming 3 spell levels and leaving 0?
You are feeling hungry.
You start memorising the spell.
You continue memorising. x3
You finish memorising.
Spell assigned to 'w'.
Your magical infusion is running out.
You see here a hound corpse.
You butcher the hound corpse.
You see here 2 chunks of flesh.
Eat one of 2 chunks of flesh? (ye/n/q)
You start eating one of the 2 chunks of flesh.
This raw flesh tastes terrible.
p - a chunk of flesh You are no longer magically infusing your attacks.
Found a stone staircase leading down.
Found a scroll labeled CIMIMN INKUOPN.
You see here a scroll labeled CIMIMN INKUOPN.
q - a scroll labeled CIMIMN INKUOPN You open the door.
There is an open door here.
As you open the door, it creaks loudly!
A worm comes into view.
You hear a shout!
An ogre comes into view. It is wielding a giant club.
The ogre shouts!
There is an open door here.
The ogre misses you.
You aren't carrying any items that you can evoke.
Unknown command.
It was a potion of heal wounds.
You feel much better. The ogre closely misses you.
You riposte.
You hit the ogre but do no damage.
There is a stone staircase leading down here.
The ogre completely misses you.
You riposte.
You hit the ogre.
The ogre is moderately wounded.
You climb downwards.
Found 18 sling bullets and 25 stones.
There is a stone staircase leading up here.
An orc comes into view.
Found a stone staircase leading down.
Casting: Shroud of Golubria
Confirm with . or Enter, or press ? or * to list all spells.
Space distorts slightly along a thin shroud covering your body.
The ogre closely misses you.
You riposte.
You barely miss the ogre.
The ogre is moderately wounded.
Casting: Shroud of Golubria
Confirm with . or Enter, or press ? or * to list all spells.
You begin infusing your attacks with magical energy.
The ogre hits you with a giant club!
Your shroud falls apart!
You closely miss the ogre.
The ogre is lightly wounded.
You hit the ogre!
The ogre is heavily wounded.
The ogre hits you with a giant club!
* * * LOW HITPOINT WARNING * * *
You hit the ogre.
The ogre is heavily wounded.
The ogre closely misses you.
It was a potion of flight.
You feel very buoyant.
You fly up into the air.
The ogre hits you with a giant club!
You die...

#.. #.( #># #..
#.# #.. #.#
#####.. #.#
.......## #.#
.......<# #.# #
#.####..###.###.#
#.....oO@..#
#(.###.#####
.o...# #.#
#.##.## #.. .. ..
###. . ##. .. #.
##


You could see an ogre and an orc.

Vanquished Creatures
  A hound (D:4)
  An adder (D:2)
  A worm (D:3)
  A dart slug (D:2)
  2 leopard geckos
  2 giant cockroaches
  3 goblins
  2 hobgoblins (D:2)
  4 jackals (D:1)
  2 quokkas
  A ball python (D:4)
  2 bats (D:2)
  A frilled lizard (D:2)
  A kobold (D:3)
  A rat (D:2)
25 creatures vanquished.

Notes
Turn   | Place    | Note
-------+----------+-------------------------------------------
     0 | D:1      | tidbits the High Elf Skald began the quest for the Orb.
     0 | D:1      | Reached XP level 1. HP: 14/14 MP: 4/4
    25 | D:1      | Reached skill level 1 in Stealth
   168 | D:2      | Reached XP level 2. HP: 12/19 MP: 1/6
   172 | D:2      | Learned a level 2 spell: Song of Slaying
   175 | D:2      | Learned a level 2 spell: Shroud of Golubria
   225 | D:2      | Reached skill level 3 in Long Blades
   331 | D:2      | Reached skill level 2 in Stealth
   415 | D:2      | Reached XP level 3. HP: 14/24 MP: 5/7
   759 | D:4      | Reached skill level 4 in Long Blades
   759 | D:4      | Reached XP level 4. HP: 25/29 MP: 0/8
   764 | D:4      | Learned a level 3 spell: Spectral Weapon
   806 | D:4      | Noticed an ogre
   821 | D:5      | Entered Level 5 of the Dungeon
   834 | D:5      | Slain by an ogre

Skill      XL: |  1  2  3 |
---------------+----------+-----
Stealth        | 1 2 |  2.1
Long Blades    | 3 4 |  4.2
Fighting       | |  2.0
Armour         | |  0.8
Dodging        | |  1.8
Spellcasting   | |  2.5
Charms         | |  3.6

Action                   |  1- 3 |  4- 6 || total
-------------------------+-------+-------++-------
Melee: Falchion          |    87 |     3 ||    90
Throw: Stone             |     1 |       ||     1
 Cast: Infusion          |    13 |     1 ||    14
       Shroud of Golubri |     3 |     1 ||     4
  Use: Potion            |       |     2 ||     2
 Stab: Sleeping          |     4 |       ||     4
  Eat: Chunk             |       |     1 ||     1
Armor: Leather armour    |    29 |       ||    29
Dodge: Dodged            |    62 |     5 ||    67
       Rpst.: Falchion   |    16 |     3 ||    19

Table legend:
 A = Turns spent in this place as a percentage of turns spent in the entire game.
 B = Non-inter-level travel turns spent in this place as a percentage of non-inter-level travel turns spent in the entire game.
 C = Inter-level travel turns spent in this place as a percentage of turns spent in this place.
 D = Turns resting spent in this place as a percentage of non-inter-level travel turns spent in this place.
 E = Turns spent auto-exploring this place as a percentage of non-inter-level travel turns spent in this place.
 F = Non-inter-level travel turns spent in this place divided by the number of levels of this place that you've seen.
                   A       B       C       D       E      F
               +-------+-------+-------+-------+-------+----------------------
         Total | 100.0 | 100.0 |   0.0 |   0.0 |   0.0 | 149.8
       Dungeon | 100.0 | 100.0 |   0.0 |   0.0 |   0.0 | 149.8
               +-------+-------+-------+-------+-------+----------------------

Table legend:
 A = Kills in this place as a percentage of kills in entire the game.
 B = Kills by you in this place as a percentage of kills by you in the entire game.
 C = Kills by friends in this place as a percentage of kills by friends in the entire game.
 D = Other kills in this place as a percentage of other kills in the entire game.
 E = Experience gained in this place as a percentage of experience gained in the entire game.
 F = Experience gained in this place divided by the number of levels of this place that you have seen.
                   A       B       C       D       E      F
               +-------+-------+-------+-------+-------+----------------------
         Total | 100.0 | 100.0 |  -nan |  -nan | 100.0 |  21.0
       Dungeon | 100.0 | 100.0 |  -nan |  -nan | 100.0 |  21.0
               +-------+-------+-------+-------+-------+----------------------

Vault maps used:
D:1:      dpeg_arrival_oval
D:2:      overflow_temple_1_default
D:3:      ecumenical_altar_2, first_bread
D:4:      minmay_misc_feat_tower, uniq_eustachio, uniq_natasha
D:5:      grunt_dithmenos_shadows, tso_altar, vehumet_statue, temple_doors_e,
          saegor_snake_ambush
